 Dungeon Crawl Stone Soup version 0.20.1-1-g8b1a95d (webtiles) character file.

2772 equalderp2856 the Cleaver (level 9, 0/79 HPs)
             Began as a Minotaur Fighter on Oct 1, 2017.
             Slain by an orc warrior
             ... wielding a +0 hand axe
              (11 damage)
             ... on level 7 of the Dungeon.
             The game lasted 00:10:34 (6068 turns).

equalderp2856 the Cleaver (Minotaur Fighter)        Turns: 6068, Time: 00:10:35

Health: 0/79       AC: 17    Str: 19    XL:     9   Next: 42%
Magic:  8/8        EV:  7    Int: 12    God:
Gold:   290        SH: 10    Dex: 11    Spells: 8/8 levels left

rFire    . . .     SeeInvis .   a - +1 war axe
rCold    . . .     Gourm    .   c - +0 shield
rNeg     . . .     Faith    .   o - +3 chain mail of Hainoat {Str-3 Int+6}
rPois    .         Spirit   .   (helmet restricted)
rElec    .         Reflect  .   u - +0 cloak
rCorr    .         Harm     .   t - +0 pair of gloves
MR       +....                  l - +0 pair of boots
Stlth    ..........             (no amulet)
Regen    0.3/turn               p - ring of protection from magic
MPRegen  0.2/turn               (no ring)

@: no status effects
A: retaliatory headbutt, horns 2
a: no special abilities


You were on level 7 of the Dungeon.
You were not hungry.

You visited 1 branch of the dungeon, and saw 7 of its levels.

You collected 290 gold pieces.

Inventory:

Hand Weapons
 a - a +1 war axe (weapon)
 n - a cursed +1 hand axe of freezing
 w - a +0 war axe
 E - a cursed -3 spear
Armour
 b - a +0 scale mail
 c - a +0 shield (worn)
 l - a +0 pair of boots (worn)
 o - the +3 chain mail of Hainoat (worn) {Str-3 Int+6}
   (You found it on level 6 of the Dungeon)

   It affects your strength (-3).
   It affects your intelligence (+6).
 t - a +0 pair of gloves (worn)
 u - a +0 cloak (worn)
Jewellery
 p - a ring of protection from magic (left hand)
 r - an uncursed ring of fire
 H - a cursed -3 ring of dexterity {unknown}
 J - a cursed ring of teleportation {unknown}
Wands
 x - a wand of disintegration (16/24)
Scrolls
 e - 3 scrolls of magic mapping
 m - 2 scrolls of remove curse
 q - 4 scrolls of identify
 s - 3 scrolls of teleportation {unknown}
 v - a scroll of enchant weapon
 y - 2 scrolls of recharging
 G - a scroll of immolation {unknown}
 K - a scroll of vulnerability {unknown}
Potions
 d - a potion of might
 h - 2 potions of agility {unknown}
 i - a potion of lignification {unknown}
 k - a potion of curing
 z - a potion of heal wounds {unknown}
 A - 2 potions of degeneration {unknown}
 B - a potion of mutation {unknown}
 C - a potion of ambrosia {unknown}
 D - a potion of resistance {unknown}
Comestibles
 f - 5 bread rations
 g - 3 royal jellies
 j - 3 meat rations
 F - 3 fruits


   Skills:
 + Level 7.2 Fighting
 + Level 9.7 Axes
 + Level 7.8 Armour
 + Level 3.8 Dodging
 + Level 0.3 Stealth
 + Level 7.6 Shields


You had 8 spell levels left.
You didn't know any spells.

Dungeon Overview and Level Annotations

Branches:
Dungeon (7/15)             Temple (0/1) D:5

Altars:
Ashenzari
Cheibriados
Dithmenos
Hepliaklqana
Kikubaaqudgha
Okawaru
Qazlal
Vehumet
Xom

Annotations:
D:3 Ijyb


Innate Abilities, Weirdness & Mutations

You reflexively headbutt those who attack you in melee.
You have a pair of horns on your head.


Message History

You closely miss the orc warrior.
The orc warrior is severely wounded.
The orc warrior hits you with a hand axe! x2
* * * LOW HITPOINT WARNING * * *
Unknown command.
You feel better. You block the orc warrior's attack.
Unknown command.
You closely miss the orc warrior.
The orc warrior is severely wounded.
You block the orc warrior's attack.
The orc warrior hits you with a hand axe!
* * * LOW HITPOINT WARNING * * *
You hit the orc warrior but do no damage.
The orc warrior is severely wounded.
You block the orc warrior's attack.
You hit the orc warrior but do no damage.
The orc warrior is severely wounded.
You block the orc warrior's attack.
The orc warrior hits you with a hand axe!
You die...

########.........######
########.## #.# .. #.#
.. ##.##.### #........#
#####..##.##.#
#.........#
#@##......#####.#
#o###...#.....o.#
##o###..##.....oo#
..r.....##<###
##.......o.# .#
######'#### #.# ##...##
#.# ##.....## #.#
#.......## ##.#


You could see an orc warrior (berserk), an orc and a quokka.

Vanquished Creatures
  The ghost of Frank the Sneak, a novice OpFi (D:5)
  Prince Ribbit (D:7)
  The ghost of Endymion the Skirmisher, an amateur FoSk (D:7)
  An orc warrior (D:7)
  An ice beast (D:6)
  A phantom (D:5)
  A sky beast (D:6)
  3 ogres
  A centaur (D:6)
  2 bullfrogs (D:6)
  2 scorpions (D:6)
  4 wights
  2 crimson imps (D:6)
  4 orc priests
  A bullfrog zombie (D:6)
  3 hounds
  3 jellies
  4 orc wizards
  A centaur skeleton (D:4)
  An iguana (D:7)
  5 worker ants
  2 hound skeletons
  A worker ant zombie (D:5)
  2 gnolls (D:5)
  9 adders
  A shadow imp (D:5)
  An ooze (D:1)
  An adder skeleton (D:6)
  4 worms
  A dart slug (D:2)
  3 leopard geckos
  25 orcs
  5 giant cockroaches
  11 goblins
  9 hobgoblins
  6 jackals
  6 quokkas
  2 bats
  3 frilled lizards
  10 kobolds
  A leopard gecko skeleton (D:6)
  2 quokka zombies
  2 rats
150 creatures vanquished.

Notes
Turn   | Place    | Note
-------+----------+-------------------------------------------
     0 | D:1      | equalderp2856 the Minotaur Fighter began the quest for the Orb.
     0 | D:1      | Reached XP level 1. HP: 19/19 MP: 0/0
   270 | D:1      | Reached XP level 2. HP: 27/27 MP: 1/1
   894 | D:2      | Reached XP level 3. HP: 33/33 MP: 2/2
  1037 | D:2      | Reached skill level 3 in Axes
  1050 | D:2      | Found an iron altar of Okawaru.
  1050 | D:2      | Found a shadowy altar of Dithmenos.
  1050 | D:2      | Found an ancient bone altar of Kikubaaqudgha.
  1050 | D:2      | Found a radiant altar of Vehumet.
  1057 | D:2      | Found a shattered altar of Ashenzari.
  1057 | D:2      | Found a shimmering altar of Xom.
  1142 | D:2      | Found a hazy altar of Hepliaklqana.
  1290 | D:3      | Noticed Ijyb
  1298 | D:4      | Found a snail-covered altar of Cheibriados.
  1312 | D:4      | Reached XP level 4. HP: 9/40 MP: 3/3
  1739 | D:4      | Reached skill level 4 in Axes
  1739 | D:4      | Reached skill level 1 in Dodging
  1749 | D:4      | Found a stormy altar of Qazlal.
  1778 | D:4      | Reached XP level 5. HP: 46/46 MP: 4/4
  2138 | D:4      | Noticed an ogre
  2142 | D:4      | Reached skill level 5 in Shields
  2511 | D:5      | Entered Level 5 of the Dungeon
  2748 | D:5      | Noticed Frank's ghost (novice OpFi)
  2985 | D:6      | Noticed a sky beast
  2995 | D:6      | Killed a sky beast
  2995 | D:6      | Reached skill level 5 in Axes
  2995 | D:6      | Reached XP level 6. HP: 31/53 MP: 5/5
  3181 | D:6      | Reached skill level 5 in Armour
  3264 | D:6      | HP: 2/55 [centaur/arrow (11)]
  3273 | D:7      | Noticed an orc warrior
  3274 | D:7      | Reached skill level 5 in Fighting
  3274 | D:7      | Reached XP level 7. HP: 14/61 MP: 6/6
  3281 | D:7      | Noticed Endymion's ghost (amateur FoSk)
  3321 | D:6      | Reached skill level 6 in Axes
  3897 | D:5      | Killed Frank's ghost
  3897 | D:5      | Reached skill level 7 in Axes
  3897 | D:5      | Reached XP level 8. HP: 29/69 MP: 7/7
  4290 | D:6      | Got an encrusted chain mail
  4301 | D:6      | Identified the +3 chain mail of Hainoat {Str-3 Int+6} (You found it on level 6 of the Dungeon)
  4304 | D:6      | Reached skill level 8 in Axes
  4938 | D:5      | Found a staircase to the Ecumenical Temple.
  5032 | D:5      | Found a shattered altar of Ashenzari.
  5534 | D:7      | Reached XP level 9. HP: 52/78 MP: 8/8
  5610 | D:7      | Noticed Prince Ribbit
  5627 | D:7      | Killed Prince Ribbit
  5627 | D:7      | Reached skill level 9 in Axes
  5709 | D:7      | Killed Endymion's ghost
  6068 | D:7      | Slain by an orc warrior

Skill      XL: |  1  2  3  4  5  6  7  8  9 |
---------------+----------------------------+-----
Armour         | 4 5 6 7 |  7.8
Shields        | 4 5 6 7 |  7.6
Fighting       | 4 5 6 7 |  7.2
Axes           | 3 4 5 7 8 9 |  9.7
Dodging        | 1 2 3 |  3.8
Stealth        | |  0.3

Action                   |  1- 3 |  4- 6 |  7- 9 || total
-------------------------+-------+-------+-------++-------
Melee: War axe           |    80 |   145 |   310 ||   535
       Headbutt          |    12 |    31 |    50 ||    93
  Use: Scroll            |     4 |       |     6 ||    10
       Potion            |       |     1 |     1 ||     2
  Eat: Chunk             |     1 |     7 |     6 ||    14
       Fruit             |       |       |     4 ||     4
Armor: Scale mail        |    38 |    79 |    38 ||   155
       Chain mail        |       |       |   102 ||   102
Dodge: Dodged            |    28 |    51 |    78 ||   157
Block: Shield            |    41 |    83 |   188 ||   312
